 Dungeon Crawl Stone Soup version 0.31.0-12-g77e489cdc1 (webtiles) character file.

Game seed: 16378114958543544912

735 Doomgape the Trooper (level 7, -5/46 HPs)
             Began as a Gargoyle Fighter on Feb 14, 2024.
             Killed by divine providence
             ... invoked by an orc priest
              (13 damage)
             ... on level 6 of the Dungeon.
             The game lasted 00:10:08 (3934 turns).

Doomgape the Trooper (Gargoyle Fighter)             Turns: 3934, Time: 00:10:09

Health: -5/46      AC: 17    Str: 28    XL:     7   Next: 74%
Magic:  0/7        EV:  6    Int:  8    God:
Gold:   189        SH:  7    Dex:  9    Spells: 6/6 levels left

rFire   . . .        a - +1 flail
rCold   . . .        m - +0 kite shield
rNeg    + . .        h - +0 plate armour
rPois   ∞            (no helmet)
rElec   +            (no cloak)
rCorr   .            (no gloves)
SInv    +            (no boots)
Will    .....        s - amulet of guardian spirit Stlth
                     c - ring of see invisible
HPRegen 0.27/turn    n - +6 ring of strength
MPRegen 0.10/turn

%: guardian spirit
@: mighty, invisible
A: sickness immunity, AC +4, negative energy resistance 1, electricity
resistance, torment resistance 1, petrification resistance, hooves 1
a: no special abilities


You were on level 6 of the Dungeon.
You visited 1 branch of the dungeon, and saw 6 of its levels.

You collected 189 gold pieces.

Inventory:

Hand Weapons
 a - a +1 flail (weapon)
Armour
 h - a +0 plate armour (worn)
 m - a +0 kite shield (worn)
Jewellery
 c - a ring of see invisible (left hand)
 n - a +6 ring of strength (right hand)
 s - an amulet of guardian spirit (around neck)
Wands
 p - a wand of polymorph (22)
 t - a wand of flame (19)
Scrolls
 f - 5 scrolls of identify
 g - a scroll of enchant weapon
 q - a scroll of revelation
Potions
 b - a potion of resistance {unknown}
 d - 2 potions of might
 i - a potion of brilliance {unknown}
 j - a potion of mutation
 k - a potion of curing
 o - 3 potions of heal wounds {unknown}


   Skills:
 + Level 6.2 Fighting
 + Level 5.0 Maces & Flails
 + Level 6.2 Armour
 - Level 3.2 Shields


You had 6 spell levels left.
You didn't know any spells.
Your spell library contained the following spells:

 Spells                   Type           Power      Damage    Failure   Level
 Apportation              Tloc           0%         N/A       100%        1
 Freeze                   Ice            0%         1d3       100%        1
 Call Imp                 Summ           0%         N/A       100%        2
 Jinxbite                 Hex            0%         N/A       100%        2
 Frozen Ramparts          Ice            0%         1d1       100%        3
 Hailstorm                Conj/Ice       0%         3d5       100%        3
 Stone Arrow              Conj/Erth      0%         3d7       100%        3
 Animate Armour           Summ/Erth      0%         N/A       100%        4
 Alistair's Intoxication  Alch           0%         N/A       100%        5
 Summon Hydra             Summ           0%         N/A       100%        7
 Lehudib's Crystal Spear  Conj/Erth      0%         10d2      100%        8
 Sublimation of Blood     Necr           Unusable   N/A       N/A         2

Dungeon Overview and Level Annotations

Branches:
Dungeon (6/15)
 Temple: D:4-7

Altars:
Ashenzari
Sif Muna
The Shining One


Innate Abilities, Weirdness & Mutations

You are immune to sickness and miasma.
Your stone body is resilient. (AC +4)
You are immune to poison.
You resist negative energy. (rN+)
You are resistant to electric shocks. (rElec)
You are resistant to unholy torment.
You are immune to petrification.
You have large cloven feet.


Message History

It was a potion of mutation.
You feel extremely strange.
Your feet thicken and deform.
The orc shouts!
The orc wizard hits you but does no damage.
The orc priest casts a cantrip, but nothing happens.
It was a potion of curing.
You feel better. The orc wizard casts a spell at you.
The puff of flame hits you.
* * * LOW HITPOINT WARNING * * *
You barely miss the orc wizard. You kick the orc wizard.
You kill the orc wizard!
The orc priest barely misses you.
You hit the orc priest but do no damage.
You kick the orc priest, but do no damage.
The orc priest hits you but does no damage.
You sock the orc priest! Your kick misses the orc priest.
The orc priest is heavily wounded.
The orc priest looks braver for a moment.
The orc priest begins to cast a cantrip, but forgets the words!
The orc priest hits you with a +0 short sword.
* * * LOW HITPOINT WARNING * * *
You fade into invisibility!
The orc priest hits you but does no damage.
You feel very mighty all of a sudden.
The orc priest hits you but does no damage.
Unknown command.
You bludgeon the orc priest!!
You kill the orc priest!
Your Maces & Flails skill increases to level 5!
You sock the orc priest! You kick the orc priest!
You kill the orc priest!
You closely miss the orc priest.
The orc priest mumbles some strange prayers to Beogh against you.
Pain shoots through your body!
* * * LOW HITPOINT WARNING * * *
You barely miss the orc priest. You kick the orc priest.
The orc priest is moderately wounded.
The orc priest calls down the wrath of Beogh upon you.
Beogh smites you!
You die...

#.# #.# #.# #.# #.# #.#
.## #.#
.....################.#
.....oo@.............^#
#####################.#
###


You could see an orc priest (unable to see you) and an orc (unable to see you).

Vanquished Creatures
  Sigmund (D:2)
  Pargi (D:3)
  A black bear (D:6)
  A hound (D:4)
  2 orc priests (D:6)
  A jelly (D:5)
  A sleepcap (D:5)
  Ijyb (D:3)
  Natasha (thrice) (D:3)
  An orc wizard (D:6)
  6 adders
  3 dart slugs
  A ribbon worm (D:3)
  10 orcs
  5 ball pythons
  5 endoplasms
  8 goblins
  3 hobgoblins
  6 quokkas
  5 bats
  2 frilled lizards
  A giant cockroach (D:3)
  3 kobolds
  4 rats
75 creatures vanquished.

Notes
Turn   | Place    | Note
-------+----------+-------------------------------------------
     0 | D:1      | Doomgape the Gargoyle Fighter began the quest for the Orb.
     0 | D:1      | Reached XP level 1. HP: 14/14 MP: 1/1
   241 | D:1      | Reached XP level 2. HP: 19/19 MP: 2/2
   671 | D:2      | Noticed Sigmund
   686 | D:2      | Killed Sigmund
   687 | D:2      | Reached XP level 3. HP: 7/24 MP: 3/3
   687 | D:2      | Reached XP level 4. HP: 8/30 MP: 4/4
   687 | D:2      | Reached XP level 5. HP: 9/34 MP: 5/5
  1489 | D:3      | Noticed Pargi
  1508 | D:3      | Killed Pargi
  1509 | D:3      | Reached skill level 5 in Fighting
  1509 | D:3      | Reached skill level 5 in Armour
  1509 | D:3      | Reached XP level 6. HP: 11/40 MP: 6/6
  1863 | D:3      | Noticed Natasha
  1872 | D:3      | Killed Natasha
  2033 | D:3      | Found a shimmering blue altar of Sif Muna.
  2054 | D:3      | Noticed Natasha
  2063 | D:3      | Killed Natasha
  2112 | D:3      | Noticed Ijyb
  2184 | D:3      | Noticed Natasha
  2210 | D:3      | Killed Ijyb
  2211 | D:3      | Killed Natasha
  2520 | D:4      | Reached XP level 7. HP: 41/44 MP: 7/7
  3030 | D:5      | Entered Level 5 of the Dungeon
  3158 | D:5      | Found a broken altar of Ashenzari.
  3572 | D:5      | Found a glowing golden altar of the Shining One.
  3924 | D:6      | Gained mutation: You have large cloven feet. [potion of
                  | mutation]
  3932 | D:6      | Reached skill level 5 in Maces & Flails
  3934 | D:6      | Killed from afar by an orc priest

Illustrated notes

Levels and vault maps discovered:
D:1:      sevenhm_arrival_forest_fort_small_4, layout_basic,
          chequers_serial_rivers_micro_c, chequers_serial_rivers_marsh,
          minmay_misc_feat_tiny, kennysheep_decorative_pillar
D:2:      layout_rooms, uniq_sigmund
D:3:      layout_basic, lemuel_blue_sif_altar, minmay_misc_feat_columns,
          uniq_pargi, uniq_ijyb, uniq_natasha
D:4:      layout_rooms
D:5:      layout_basic, tso_metal_star, mainiacjoe_overflow_cross_hatched
D:6:      layout_basic, nicolae_ru_path_of_blood,
          mainiacjoe_overflow_surrounded_room, minmay_temple_entry_proselytizer

Skill      XL: |  1  2  3  4  5  6  7 |
---------------+----------------------+-----
Fighting       | 4 5 6 |  6.2
Maces & Flails | 3 4 5 |  5.0
Armour         | 4 5 6 |  6.2
Shields        | |  3.2

Action                     |  1- 3 |  4- 6 |  7- 9 || total
---------------------------+-------+-------+-------++-------
  Melee: Flail             |    72 |   134 |    92 ||   298
         Unarmed           |       |    21 |       ||    21
         Kick              |       |       |     4 ||     4
    Use: Scroll            |     1 |       |     7 ||     8
         Potion            |       |       |     4 ||     4
 Armour: Scale mail        |    63 |   106 |       ||   169
         Chain mail        |       |    17 |    45 ||    62
         Skin              |       |    10 |       ||    10
         Plate armour      |       |       |    61 ||    61
  Dodge: Dodged            |    31 |    95 |    27 ||   153
  Block: Buckler           |    17 |       |       ||    17
         Kite shield       |       |    70 |    40 ||   110
